 Dungeon Crawl Stone Soup version 0.31.0-11-ge490571c62 (webtiles) character file.

Game seed: 6271095475873512890

67 qw the Shooter (level 3, -1/18 HPs)
             Began as a Spriggan Hunter on Feb 3, 2024.
             Slain by a gnoll
             ... wielding a +0 spear
              (7 damage)
             ... on level 3 of the Dungeon.
             The game lasted 00:00:23 (1259 turns).

qw the Shooter (Spriggan Hunter)                    Turns: 1259, Time: 00:00:24

Health: -1/18      AC:  2    Str:  7    XL:     3   Next: 98%
Magic:  4/4        EV: 19    Int: 10    God:
Gold:   125        SH:  0    Dex: 20    Spells: 2/2 levels left

rFire   . . .        a - +0 shortbow
rCold   + . .        (shield currently unavailable)
rNeg    . . .        c - +0 robe
rPois   .            (helmet restricted)
rElec   .            (no cloak)
rCorr   .            (gloves unavailable)
SInv    +            (boots unavailable)
Will    .....        (no amulet)
Stlth   ++           g - ring of protection from cold
HPRegen 0.23/turn    (no ring)
MPRegen 0.09/turn

%: no passive effects
@: very quick
A: very small, no large weapons, unfitting armour, see invisible, speed 3
a: no special abilities


You were on level 3 of the Dungeon.
You visited 1 branch of the dungeon, and saw 3 of its levels.

You collected 125 gold pieces.


Innate Abilities, Weirdness & Mutations

You are very small and have problems with some larger weapons.
You are too small for most types of armour.
You have supernaturally acute eyesight. (SInv)
You cover ground extremely quickly. (Speed+++)


   Skills:
 - Level 1.5 Fighting
 - Level 5.1 Ranged Weapons
 + Level 4.0 Dodging
 - Level 1.5 Stealth


You had 2 spell levels left.
You didn't know any spells.
Your spell library was empty.

Inventory:

Hand Weapons
 a - a +0 shortbow (weapon)
Armour
 c - a +0 robe (worn)
Jewellery
 g - a ring of protection from cold (left hand)
Wands
 h - a wand of roots (5)
Scrolls
 f - a scroll of vulnerability {unknown}
Potions
 b - a potion of might {unknown}
 d - a potion of cancellation {unknown}
 e - 3 potions of curing
 i - a potion of invisibility {unknown}

Dungeon Overview and Level Annotations

Branches:
Dungeon (3/15)

Altars:

Annotations:
D:2 1 runed translucent door, Crazy Yiuf, Natasha


Message History

You now have 114 gold pieces (gained 9).
You now have 125 gold pieces (gained 11).
A gnoll comes into view. It is wielding a +0 club.
You shoot an arrow. The arrow hits the gnoll.
The gnoll shouts!
The gnoll is lightly wounded.
You shoot an arrow.
The arrow hits the gnoll but does no damage.
The gnoll is lightly wounded.
You shoot an arrow. The arrow hits the gnoll!
The gnoll is almost dead.
You shoot an arrow. The arrow hits the gnoll.
You kill the gnoll!
A gnoll comes into view. It is wielding a +0 spear.
A gnoll comes into view. It is wielding a +0 whip.
You shoot an arrow. The arrow completely misses the gnoll.
The gnoll shouts!
You shoot an arrow. The arrow barely misses the gnoll.
You shoot an arrow. The arrow hits the gnoll.
The gnoll is heavily wounded.
You shoot an arrow. The arrow completely misses the gnoll.
You shoot an arrow. The arrow hits the gnoll!
You kill the gnoll!
Your Ranged Weapons skill increases to level 5!
You shoot an arrow. The arrow barely misses the gnoll.
The gnoll completely misses you.
A gnoll comes into view. It is wielding a +0 whip.
The gnoll hits you from afar with a +0 spear!
Ouch! That really hurt!
You shoot an arrow. The arrow barely misses the gnoll.
The gnoll shouts!
The gnoll misses you.
You shoot an arrow. The arrow barely misses the gnoll.
The gnoll barely misses you.
You shoot an arrow. The arrow barely misses the gnoll.
The gnoll hits you from afar with a +0 spear.
You shoot an arrow. The arrow hits the gnoll!
The gnoll is severely wounded.
The gnoll hits you from afar with a +0 spear!
You die...

#.# ##### # #.# #... .
#.#####.### #
#.#.#.......# ..
#.#.#.......########.
##.#.#.#...........)....
..................gg)...
................@.####
##..##.##########.#
##..##.# .# ....##.# .#
....##.# .# ....##.## .#
##..#...######## .#
##.............. .#
................


You could see 2 gnolls.

Vanquished Creatures
  2 gnolls (D:3)
  A ribbon worm (D:2)
  A dart slug (D:2)
  An orc (D:2)
  3 ball pythons
  6 endoplasms
  5 goblins
  3 hobgoblins (D:1)
  2 quokkas (D:2)
  3 bats
  A frilled lizard (D:1)
  2 kobolds (D:1)
  12 rats
42 creatures vanquished.

Notes
Turn   | Place    | Note
-------+----------+-------------------------------------------
     0 | D:1      | qw the Spriggan Hunter began the quest for the Orb.
     0 | D:1      | Reached XP level 1. HP: 10/10 MP: 2/2
     0 | D:1      | 0 ||| qw: Version: 0.3-a-155-g5e7d8dd
     0 | D:1      | 0 ||| qw: Game counter: 3384
     0 | D:1      | 0 ||| qw: Melee chars always use a shield: true
     0 | D:1      | 0 ||| qw: God list: Okawaru
     0 | D:1      | 0 ||| qw: Allow faded altars: false
     0 | D:1      | 0 ||| qw: Do Orc after clearing Dungeon:15 true
     0 | D:1      | 0 ||| qw: Do second Lair branch before Depths: true
     0 | D:1      | 0 ||| qw: Lair rune preference: random
     0 | D:1      | 0 ||| qw: Goals: Normal
     0 | D:1      | 0 ||| PLANNING D:1-11
    67 | D:1      | Reached skill level 3 in Dodging
    97 | D:1      | Reached XP level 2. HP: 14/14 MP: 3/3
   258 | D:1      | Found a faded altar of an unknown god.
   606 | D:1      | 606 ||| READING scroll labelled AMUMYI ERUHIKI.
   607 | D:1      | 607 ||| READING scroll labelled KEAQAG QYFF.
   608 | D:1      | 608 ||| DRINKING 2 red potions.
   609 | D:1      | 609 ||| DROPPING scroll of butterflies.
   631 | D:2      | Reached XP level 3. HP: 18/18 MP: 4/4
  1111 | D:2      | Found a runed translucent door.
  1112 | D:2      | Noticed Crazy Yiuf
  1114 | D:2      | Noticed Natasha
  1115 | D:2      | 1115 ||| UPGRADING to ring of protection from cold.
  1116 | D:2      | 1116 ||| READING scroll labelled WUEQYUHEOTUOS.
  1149 | D:2      | 1149 ||| READING scroll labelled URUONA UMPUXT.
  1255 | D:3      | Reached skill level 5 in Ranged Weapons
  1259 | D:3      | Slain by a gnoll

Levels and vault maps discovered:
D:1:      onia_arrival_handbag, layout_basic, hellmonk_ecumenical_altar_blasted,
          minmay_rat_gold_closets
D:2:      layout_basic, kennysheep_generic_room_8, uniq_crazy_yiuf_cottage,
          uniq_natasha
D:3:      layout_basic

Skill      XL: |  1  2  3 |
---------------+----------+-----
Dodging        | 3 4 |  4.0
Ranged Weapons | 5 |  5.1
Fighting       | |  1.5
Stealth        | |  1.5

Action                     || total
---------------------------++-------
   Fire: Shortbow          ||   111
    Use: Scroll            ||     4
         Potion            ||     1
 Armour: Robe              ||    13
  Dodge: Dodged            ||    25

Table legend:
 A = Non-vault XP
 B = Vault XP
 C = Vault XP percentage of total XP
 D = Non-vault monster count
 E = Vault monster count
 F = Vault count percentage of total count
                 A         B        C        D         E       F
            +---------+---------+-------+---------+---------+-------
      Total |      82 |      14 |  14.6 |      30 |      12 |  28.6
            +---------+---------+-------+---------+---------+-------
        D:1 |      25 |      12 |  32.4 |      15 |      11 |  42.3
        D:2 |      29 |       2 |   6.5 |      13 |       1 |   7.1
        D:3 |      28 |       0 |   0.0 |       2 |       0 |   0.0
            +---------+---------+-------+---------+---------+-------
